 Dungeon Sprint DCSS version 0.30-a0-989-g0d87f670db (webtiles) character file.

Game seed: 2604184358929300953

662 PLAYERX the Fighter (level 7, -3/79 HPs)
             Began as a Minotaur Fighter on Apr 2, 2023.
             Was a High Priest of Makhleb.
             Slain by a deep troll (8 damage)
             ... in the Dungeon (Sprint VII: "The Pits").
             The game lasted 00:11:21 (766 turns).

PLAYERX the Fighter (Minotaur Fighter)               Turns: 766, Time: 00:11:22

Health: -3/79      AC: 14    Str: 22    XL:     7   Next: 30%
Magic:  6/6        EV:  6    Int:  5    God:    Makhleb [*****.]
Gold:   0          SH:  5    Dex: 10    Spells: 6/6 levels left

rFire   . . .      SeeInvis .    a - +2 trident
rCold   . . .      Faith    .    c - +0 buckler
rNeg    . . .      Spirit   .    b - +2 plate armour {Will+}
rPois   .          Reflect  .    (helmet restricted)
rElec   .          Rampage  .    (no cloak)
rCorr   .          NoTele   +    (no gloves)
Will    +....                    (no boots) Stlth
                                 (no amulet)
HPRegen 0.33/turn                (no ring)
MPRegen 0.10/turn                (no ring)

@: no status effects
A: horns 2, retaliatory headbutt
a: Renounce Religion, Minor Destruction, Lesser Servant of Makhleb, Major
Destruction, Greater Servant of Makhleb


You were in the Dungeon.
You worshipped Makhleb.
Makhleb was extremely pleased with you.
You visited 1 branch

Inventory:

Hand Weapons
 a - a +2 trident (weapon)
Missiles
 n - 10 stones (quivered)
Armour
 b - a +2 plate armour of willpower (worn)
 c - a +0 buckler (worn)
Wands
 o - a wand of polymorph (11)
Scrolls
 j - a scroll of blinking
 l - 5 scrolls of amnesia
 m - a scroll of butterflies
Potions
 d - 6 potions of curing
 e - 5 potions of heal wounds
 f - a potion of might
 g - a potion of haste
 h - 4 potions of magic
 i - 3 potions of berserk rage
 k - 2 potions of invisibility


   Skills:
 + Level 13.0 Fighting
 + Level 12.4 Polearms
 - Level 6.5 Armour
 - Level 6.1 Shields
 - Level 0.4 Invocations


You had 6 spell levels left.
You didn't know any spells.
Your spell library was empty.

Dungeon Overview and Level Annotations

Branches:
Dungeon (1/1)

Altars:
Ashenzari
Cheibriados
Dithmenos
Elyvilon
Fedhas
Gozag
Hepliaklqana
Kikubaaqudgha
Makhleb
Nemelex Xobeh
Okawaru
Qazlal
Ru
Sif Muna
Trog
Uskayaw
Vehumet
Wu Jian
Xom
Yredelemnul
Zin
The Shining One
Jiyva
Lugonu


Innate Abilities, Weirdness & Mutations

You have a pair of horns on your head.
You reflexively headbutt those who attack you in melee.


Message History

There is an open door here.
You open the door.
A flying skull, a deep troll, an orc warrior and 3 orcs come into view.
The flying skull gives a hideous shriek!
The deep troll shouts!
The orc shouts! x3
A demon appears!
The orc barely misses you.
A demon appears!
It doesn't seem very happy.
Your orange demon stings the orc from afar.
You swap places.
The smoke demon gestures at you. Makhleb smites you!
Your orange demon barely misses the orc.
There is an open door here.
Your orange demon stings the orc from afar!
The orc dies!
Makhleb accepts your kill.
Your Fighting skill increases to level 13!
Things that are here:
a +2 spear of flaming; a +0 ring mail You close the door.
Things that are here:
a +0 spear; a gnoll corpse Something unseen opens the door.
The smoke demon gestures at you. Makhleb smites you!
A smoke demon is nearby!
You are too injured to fight recklessly!
The smoke demon gestures at you. Makhleb smites you!
Things that are here:
a +0 spear; a gnoll corpse You puncture the deep troll!
The deep troll is lightly wounded.
The deep troll bites you!!
* * * LOW HITPOINT WARNING * * *
The deep troll claws you.
* * * LOW HITPOINT WARNING * * *
The deep troll claws you!
You die...

#.##'####'###.......#
#.#.....)).##.......#
#.#........##.......#
#.#####'#####...<...#
#.#...)))[.##.......#
#.#...)))[.##.......#
#)###########.......#
#.......#..##########
#..###..#@## ###
#.......#T# ...#
##.###.##o#....#
#.......#3ooo..+
#..###..#'#)o..#
#.......'.#....#
########### ####


You could see a deep troll, a smoke demon (summoned), an orc warrior and an orc.

Vanquished Creatures
  An ice devil (D)
  An orc warrior (D)
  A bullfrog (D)
  A gnoll sergeant (D)
  A necrophage (D)
  A hound (D)
  An orc priest (D)
  Terence (D)
  An iguana (D)
  A gnoll (D)
  An adder (D)
  An ufetubus (D)
  A worm (D)
  3 orcs (D)
  An endoplasm (D)
  A giant cockroach (D)
  A goblin (D)
  4 jackals (D)
  A kobold (D)
  A giant cockroach zombie (D)
  A quokka zombie (D)
  A rat (D)
27 creatures vanquished.

Vanquished Creatures (collateral kills)
  2 orcs (D)
2 creatures vanquished.

Grand Total: 29 creatures vanquished

Notes
Turn   | Place    | Note
-------+----------+-------------------------------------------
     0 | D        | PLAYERX the Minotaur Fighter began the quest for the Orb.
     0 | D        | Reached XP level 1. HP: 19/19 MP: 0/0
    58 | D        | Found a bloodstained altar of Trog.
    58 | D        | Found a shimmering blue altar of Sif Muna.
    58 | D        | Found a viscous altar of Jiyva.
    58 | D        | Found a hazy altar of Hepliaklqana.
    58 | D        | Found an opulent altar of Gozag.
    59 | D        | Found a glowing golden altar of the Shining One.
    59 | D        | Found a glowing silver altar of Zin.
    59 | D        | Found a basalt altar of Yredelemnul.
    59 | D        | Found a shimmering altar of Xom.
    59 | D        | Found an ornate altar of the Wu Jian Council.
    59 | D        | Found a sacrificial altar of Ru.
    59 | D        | Found a stormy altar of Qazlal.
    59 | D        | Found an iron altar of Okawaru.
    59 | D        | Found a sparkling altar of Nemelex Xobeh.
    59 | D        | Found a burning altar of Makhleb.
    59 | D        | Found a blossoming altar of Fedhas.
    59 | D        | Found a white marble altar of Elyvilon.
    59 | D        | Found a shadowy altar of Dithmenos.
    59 | D        | Found a snail-covered altar of Cheibriados.
    61 | D        | Found a radiant altar of Vehumet.
    61 | D        | Found a corrupted altar of Lugonu.
    62 | D        | Found a hide-covered altar of Uskayaw.
    62 | D        | Found an ancient bone altar of Kikubaaqudgha.
    62 | D        | Found a broken altar of Ashenzari.
   143 | D        | Became a worshipper of Makhleb the Destroyer
   190 | D        | Reached skill level 4 in Fighting
   190 | D        | Reached XP level 2. HP: 28/28 MP: 1/1
   195 | D        | Reached * piety under Makhleb
   222 | D        | Reached ** piety under Makhleb
   224 | D        | Reached skill level 5 in Armour
   224 | D        | Noticed a bullfrog
   231 | D        | Reached skill level 5 in Fighting
   234 | D        | Killed a bullfrog
   235 | D        | Reached skill level 6 in Fighting
   235 | D        | Reached XP level 3. HP: 22/37 MP: 2/2
   235 | D        | Reached XP level 4. HP: 27/44 MP: 3/3
   360 | D        | Noticed an orc warrior
   362 | D        | Reached *** piety under Makhleb
   363 | D        | Reached skill level 5 in Polearms
   364 | D        | Noticed Terence
   402 | D        | Killed an orc warrior
   403 | D        | Reached skill level 8 in Fighting
   403 | D        | Reached XP level 5. HP: 46/56 MP: 4/4
   406 | D        | Killed Terence
   407 | D        | Reached skill level 9 in Fighting
   411 | D        | Reached **** piety under Makhleb
   427 | D        | Reached ***** piety under Makhleb
   428 | D        | Reached skill level 10 in Fighting
   428 | D        | Reached XP level 6. HP: 66/66 MP: 5/5
   557 | D        | Noticed an ice devil
   570 | D        | Killed an ice devil
   571 | D        | Reached skill level 12 in Fighting
   571 | D        | Reached XP level 7. HP: 30/77 MP: 6/6
   755 | D        | Noticed a flying skull
   755 | D        | Noticed a deep troll
   757 | D        | Noticed a smoke demon
   760 | D        | Reached skill level 13 in Fighting
   766 | D        | Slain by a deep troll

Illustrated notes

Levels and vault maps discovered:
D:        pitsprint [storerooms_1, entrance_room_1, metal_vault_2, armoury_2,
          mini_pit_1, grid_room_1, main_hall_1, silver_pit, the_coven_1,
          the_vestibule_1, steel_vault_2, golden_pit, hallway_of_sentries,
          crystal_vault_1, iron_vault_4, final_vault]

Skill      XL: |  1  2  3  4  5  6  7 |
---------------+----------------------+-----
Fighting       | 4 6 8 10 12 13 | 13.0
Armour         | 4 6 |  6.5
Shields        | 4 6 |  6.1
Polearms       | 4 7 9 11 12 | 12.4
Invocations    | |  0.4

Action                     |  1- 3 |  4- 6 |  7- 9 || total
---------------------------+-------+-------+-------++-------
  Melee: Trident           |    20 |    50 |    21 ||    91
         Headbutt          |     2 |    10 |       ||    12
 Invoke: Minor Destruction |     1 |     4 |       ||     5
         Lesser Servant of |       |     2 |     2 ||     4
    Use: Potion            |       |     1 |       ||     1
 Armour: Scale mail        |     5 |       |       ||     5
         Plate armour      |       |    20 |     8 ||    28
  Dodge: Dodged            |     5 |     8 |     4 ||    17
  Block: Buckler           |     4 |     8 |       ||    12

Table legend: (Time is in decaauts)
 A = Elapsed time spent in this place.
 B = Non-inter-level travel time spent in this place.
 C = Inter-level travel time spent in this place.
 D = Time resting spent in this place.
 E = Time spent auto-exploring this place.
 F = Levels seen in this place.
 G = Mean time per level.
                   A        B        C        D        E       F      G
               +--------+--------+--------+--------+--------+-----+--------+
         Total |    760 |    760 |      0 |    322 |      0 |   1 |  760.0 |
       Dungeon |    760 |    760 |      0 |    322 |      0 |   1 |  760.0 |
               +--------+--------+--------+--------+--------+-----+--------+

Top non-repeatable levels by time:
       D: 760 daAuts
